 Dungeon Crawl Stone Soup version 0.28-a0-1555-g9ae15a6949 (webtiles) character file.

Game seed: 7030136752970434789

3 croobank the Insei (level 1, 0/16 HPs)
             Began as a Demigod Transmuter on Jan 19, 2022.
             Slain by a hobgoblin (2 damage)
             ... on level 1 of the Dungeon.
             The game lasted 00:00:28 (53 turns).

croobank the Insei (Demigod Transmuter)               Turns: 53, Time: 00:00:28

Health: 0/16       AC:  2    Str: 11    XL:     1   Next: 33%
Magic:  5/5        EV: 12    Int: 15    God:
Gold:   0          SH:  0    Dex: 14    Spells: 2/3 levels left

rFire   . . .      SeeInvis .     - Unarmed
rCold   . . .      Faith    .   (no shield)
rNeg    . . .      Spirit   .   a - +0 robe
rPois   .          Reflect  .   (no helmet)
rElec   .          Harm     .   (no cloak)
rCorr   .          Rampage  .   (no gloves)
Will    .....                   (no boots)
Stlth   +.........              (no amulet)
HPRegen 0.05/turn               (no ring)
MPRegen 0.09/turn               (no ring)

@: no status effects
A: high mp 1, forlorn, divine attributes
a: no special abilities


You were on level 1 of the Dungeon.
You visited 1 branch of the dungeon, and saw 1 of its levels.

Inventory:

Missiles
 b - 3 poisoned darts
Armour
 a - a +0 robe (worn)


   Skills:
 + Level 1.0 Fighting
 + Level 1.8 Dodging
 + Level 2.7 Unarmed Combat
 + Level 1.8 Spellcasting
 + Level 1.8 Transmutations


You had 2 spell levels left.
You knew the following spells:

 Your Spells              Type           Power      Damage    Failure   Level
a - Beastly Appendage     Tmut           12%        N/A       11%         1

Your spell library contained the following spells:

 Spells                   Type           Power      Damage    Failure   Level
 Wereblood                Tmut           6%         N/A       16%         2
 Spider Form              Tmut/Pois      4%         N/A       43%         3
 Ice Form                 Ice/Tmut       4%         N/A       83%         4


Dungeon Overview and Level Annotations

Branches:
Dungeon (1/15)


Innate Abilities, Weirdness & Mutations

You have an increased reservoir of magic. (+10% MP)
You shall have no god before yourself.
Your divine heritage dramatically boosts your attributes as you level up.


Message History

You are frozen.
The hobgoblin barely misses you.
You hit the hobgoblin. You claw the hobgoblin.
The hobgoblin is moderately wounded.
The endoplasm misses you. The hobgoblin barely misses you.
You hit the hobgoblin.
The hobgoblin is almost dead.
The endoplasm closely misses you. The hobgoblin hits you.
You completely miss the hobgoblin. Your kick misses the hobgoblin.
You headbutt the hobgoblin.
You kill the hobgoblin!
The endoplasm freezes you.
You are frozen.
* * * LOW HITPOINT WARNING * * *
You hit the endoplasm.
You claw the endoplasm, but do no damage.
Your headbutt misses the endoplasm.
The endoplasm is severely wounded.
The endoplasm freezes you.
You are frozen.
* * * LOW HITPOINT WARNING * * *
Your transformation is almost over.
A giant cockroach comes into view.
A hobgoblin comes into view.
Your horns disappear.
Your talons disappear.
The hobgoblin shouts!
The hobgoblin moves out of view.
Found a hunting sling.
A hobgoblin comes into view.
The hobgoblin shouts!
You hear a shout!
A bat comes into view.
An endoplasm comes into view.
The bat moves out of view.
A giant cockroach and a rat come into view.
Found a spear.
The giant cockroach moves out of view.
You hit the endoplasm.
You kill the endoplasm!
The hobgoblin barely misses you.
Your Fighting skill increases to level 1!
You closely miss the hobgoblin. The bat closely misses you.
The hobgoblin barely misses you. The hobgoblin hits you.
You die...

#.# ########.## #.# #
#.........# #.# .. ...
..##..# #.# .### #.#
#.##..###.#
...##.###.##?.##...
#.................
##g#.###.##..##...
#@...............#
.....Jgb##.###.#>#.#####
.....#.###......###.#
..)r #. #####.#.# ## ...
#B #.#B.# .. .) #.# ## #
.. ..# ##. ###


You could see an endoplasm, a giant cockroach, 2 hobgoblins, a bat and a rat.

Vanquished Creatures
  An endoplasm (D:1)
  A hobgoblin (D:1)
  A rat (D:1)
3 creatures vanquished.

Notes
Turn   | Place    | Note
-------+----------+-------------------------------------------
     0 | D:1      | croobank the Demigod Transmuter began the quest for the
                  | Orb.
     0 | D:1      | Reached XP level 1. HP: 15/15 MP: 5/5
    53 | D:1      | Reached skill level 1 in Fighting
    53 | D:1      | Slain by a hobgoblin

Illustrated notes

Levels and vault maps discovered:
D:1:      tarquinn_simple_flora_water_a, layout_loops_ring,
          hellmonk_ecumenical_altar_inner_sanctum

Skill      XL: |  1 |
---------------+----+-----
Fighting       | 1 |  1.0
Dodging        | |  1.8
Unarmed Combat | |  2.7
Spellcasting   | |  1.8
Transmutations | |  1.8

Action                   || total
-------------------------++-------
Melee: Unarmed           ||     9
       Kick              ||     2
       Headbutt          ||     1
 Cast: Beastly Appendage ||     1
Armor: Robe              ||     1
Dodge: Dodged            ||     9

Table legend: (Time is in decaauts)
 A = Elapsed time spent in this place.
 B = Non-inter-level travel time spent in this place.
 C = Inter-level travel time spent in this place.
 D = Time resting spent in this place.
 E = Time spent auto-exploring this place.
 F = Levels seen in this place.
 G = Mean time per level.
                   A        B        C        D        E       F      G
               +--------+--------+--------+--------+--------+-----+--------+
         Total |     52 |     52 |      0 |      0 |      5 |   1 |   52.0 |
       Dungeon |     52 |     52 |      0 |      0 |      5 |   1 |   52.0 |
               +--------+--------+--------+--------+--------+-----+--------+

Top non-repeatable levels by time:
     D:1: 52 daAuts
